 Dungeon Crawl Stone Soup version 0.27-a0-887-gcab673c142 (webtiles) character file.

Game seed: 13721970728225891305

53 rageheart7 the Skirmisher (level 3, 0/36 HPs)
             Began as a Naga Monk on Apr 4, 2021.
             Slain by an adder (3 damage)
             ... on level 2 of the Dungeon.
             The game lasted 00:02:23 (1541 turns).

rageheart7 the Skirmisher (Naga Monk)               Turns: 1541, Time: 00:02:23

Health: 0/36       AC:  2    Str: 14    XL:     3   Next: 87%
Magic:  3/3        EV: 10    Int: 10    God:
Gold:   128        SH:  0    Dex: 13    Spells: 2/2 levels left

rFire    + . .     SeeInvis +   k - +2 dagger (drain)
rCold    x . .     Faith    .   (no shield)
rNeg     . . .     Spirit   .   d - +0 leather armour
rPois    +         Reflect  .   (no helmet)
rElec    .         Harm     .   (no cloak)
rCorr    .         Rampage  .   (no gloves)
Will     .....                  (no barding)
Stlth    ++........             h - amulet of the acrobat
HPRegen  0.12/turn              e - ring of fire
MPRegen  0.08/turn              (no ring)

@: very slightly contaminated, invisible, very slow
A: AC +1, large, see invisible, deformed body, poison resistance, slowness 2,
spit poison 1, naga tail 1
a: Spit Poison


You were on level 2 of the Dungeon.
You visited 1 branch of the dungeon, and saw 2 of its levels.

You collected 128 gold pieces.

Inventory:

Hand Weapons
 a - a +0 falchion
 k - a +2 dagger of draining (weapon)
Armour
 d - a +0 leather armour (worn)
Jewellery
 e - a ring of fire (left hand)
 h - an amulet of the acrobat (around neck)
 l - a ring of positive energy
Scrolls
 b - 2 scrolls of summoning {unknown}
 f - a scroll of holy word {unknown}
 i - a scroll of amnesia {unknown}
 j - 3 scrolls of identify {unknown}


   Skills:
 * Level 3.9 Fighting
 * Level 3.9 Long Blades
 - Level 2.4 Dodging
 - Level 3.0 Stealth


You had 2 spell levels left.
You didn't know any spells.
Your spell library contained the following spells:

 Spells                   Type           Power      Damage    Failure   Level
 Animate Skeleton         Necr           0%         N/A       43%         1
 Apportation              Tloc           0%         N/A       43%         1
 Corona                   Hex            0%         N/A       43%         1
 Summon Small Mammal      Summ           0%         N/A       43%         1


Dungeon Overview and Level Annotations

Branches:
Dungeon (2/15)

Altars:

Shops:
D:1 [


Innate Abilities, Weirdness & Mutations

Your serpentine skin is tough. (AC +1)
You have supernaturally acute eyesight. (SInv)
Armour fits poorly on your strangely shaped body.
Your system is resistant to poisons. (rPois)
You cover ground very slowly.
You can spit poison.
You have a snake-like lower body.


Message History

You are too injured to fight recklessly!
You are too injured to fight recklessly!
You are too injured to fight recklessly!
You are too injured to fight recklessly!
You are too injured to fight recklessly!
The adder completely misses you.
Press: ? - help, Shift-Dir - straight line, f - adder
Aim: an adder The splash of poison misses the adder.
The splash of poison hits the endoplasm.
The endoplasm completely resists.
The adder barely misses you.
Unknown command.
You hit the adder.
The adder is lightly wounded.
The adder barely misses you. The adder bites you but does no damage.
You miss the adder. The adder bites you.
You closely miss the adder. The adder closely misses you.
You barely miss the adder. The adder closely misses you.
You miss the adder. The adder bites you.
* * * LOW HITPOINT WARNING * * *
You hit the adder.
The adder is lightly wounded.
The adder barely misses you.
You hit the adder but do no damage.
The adder is lightly wounded.
You have got your breath back.
The adder bites you.
* * * LOW HITPOINT WARNING * * *
The adder bites you.
* * * LOW HITPOINT WARNING * * *
It was a potion of magic.
Magic courses through your body. The adder bites you.
* * * LOW HITPOINT WARNING * * *
It was a potion of invisibility.
You fade into invisibility!
The adder closely misses you.
You are very lightly contaminated with residual magic.
You hit the adder.
The adder is moderately wounded.
The adder bites you.
You die...

.....#### ... . .......###... .
#............ . #............ #
#.#........<. # #.......... ..#
..# # #.....hJ.# #.# ...# # #...
#S######.##...# #
#...#+#@.....#......# #
#............#.....
########.#.##....†....#...
#.÷..÷...# #..........#'###
#)########.#....##..#.....#
...........#....###.#.....#####
......###.##....###.#.........#
....).....##..................###
..........####+#........##......#


You could see an adder, an endoplasm and a jackal.

Vanquished Creatures
  An adder (D:2)
  2 dart slugs
  2 bats
  3 endoplasms
  A giant cockroach (D:2)
  6 goblins
  3 hobgoblins
  5 jackals (D:2)
  3 kobolds
  3 frilled lizards (D:1)
  8 rats (D:1)
37 creatures vanquished.

Notes
Turn   | Place    | Note
-------+----------+-------------------------------------------
     0 | D:1      | rageheart7 the Naga Monk began the quest for the Orb.
     0 | D:1      | Reached XP level 1. HP: 21/21 MP: 1/1
   431 | D:1      | Reached XP level 2. HP: 28/28 MP: 2/2
   770 | D:1      | Found Zeosij's Armour Shoppe.
   906 | D:1      | Reached XP level 3. HP: 34/34 MP: 3/3
  1541 | D:2      | Slain by an adder

Illustrated notes

Levels and vault maps discovered:
D:1:      lemuel_arrival_cross, layout_loops_ring, serial_shops,
          nicolae_shop_waterfront, minmay_ruptured
D:2:      layout_basic, shapermc_ecumenical_altar_totnotflames, minivault_27,
          minmay_small_reverse_x

Action                   || total
-------------------------++-------
Melee: Falchion          ||    49
       Dagger            ||    52
 Abil: Spit Poison       ||     1
  Use: Potion            ||     2
 Stab: Sleeping          ||     7
Armor: Robe              ||     2
       Leather armour    ||    14
Dodge: Dodged            ||    65
       Rpst.: Falchion   ||    10

Table legend: (Time is in decaauts)
 A = Elapsed time spent in this place.
 B = Non-inter-level travel time spent in this place.
 C = Inter-level travel time spent in this place.
 D = Time resting spent in this place.
 E = Time spent auto-exploring this place.
 F = Levels seen in this place.
 G = Mean time per level.
                   A        B        C        D        E       F      G
               +--------+--------+--------+--------+--------+-----+--------+
         Total |   1875 |   1812 |     63 |      0 |   1496 |   2 |  937.5 |
       Dungeon |   1875 |   1812 |     63 |      0 |   1496 |   2 |  937.5 |
               +--------+--------+--------+--------+--------+-----+--------+

Top non-repeatable levels by time:
     D:1: 1311 daAuts
     D:2: 563 daAuts
